Map: Habitation Station LE (Void)

Players

RCx

  • Race: Zerg Zerg
  • League: Gold
  • Spawn Location: 11:00

Fropez - Winner!

  • Race: Protoss Protoss
  • League: Gold
  • Spawn Location: 1:00

VOD

Have the link to the VOD?

Description

Time

  • Played on: Dec. 28, 2016, 1:23 p.m.
  • Length: 15:12
Show
View Real Time Build Order
Export as new Build Order

RCx Zerg 

Build Orders: Pool First 

Get SALT Encoding   

  12  0:02  Drone  
  13  0:13  Overlord  
  13  0:24  Drone  
  14  0:31  Drone x2  
  16  0:37  Drone  
  17  0:47  Drone  
  18  0:53  Spawning Pool  
  17  0:57  Drone  
  18  1:12  Overlord  
  18  1:41  Queen  
  18  1:42  Drone x2  
  18  1:43  Drone  
  18  1:46  Extractor  
  22  1:48  Extractor  
  21  2:08  Spine Crawler, Hatchery  
  20  2:13  Drone  
  20  2:14  Drone  
  21  2:17  Queen  
  23  2:26  Drone  
  24  2:34  Roach Warren  
  23  2:37  Drone x2  
  25  2:59  Drone  
  26  3:06  Drone x2  
  26  3:07  Drone  
  29  3:26  Queen  
  31  3:28  Roach x2  
  31  3:30  Overlord  
  35  3:47  Spine Crawler, Drone x2  
  36  3:49  Roach x3  
  36  3:51  Overlord  
  42  4:06  Lair  
  42  4:27  Roach  
  42  4:28  Roach x4  
  52  4:49  Spine Crawler  
  52  4:51  Drone  
  52  4:55  Overlord x2  
  52  5:13  Queen  
  54  5:33  Hatchery  
  53  5:39  Drone x3  
  53  5:40  Overlord  
  53  5:41  Overlord  
  56  5:43  Roach  
  56  5:44  Roach x5  
  56  5:45  Overlord  
  56  5:49  Extractor  
  67  5:52  Extractor  
  67  5:54  Drone  
  67  5:55  Drone  
  68  6:24  Overlord  
  68  6:25  Overlord  
  68  6:27  Roach  
  68  6:28  Roach x5  
  80  6:49  Queen  
  82  7:13  Zergling x2  
  82  7:14  Zergling x14  
  90  7:15  Overlord x2  
  90  7:16  Overlord  
  90  7:18  Glial Reconstitution  
  90  7:30  Evolution Chamber x2, Queen  
  90  7:34  Drone x2  
  90  7:35  Drone  
  91  8:04  Overlord x3  
  91  8:07  Zergling x2, Roach  
  91  8:08  Roach x3  
  99  8:37  Tunneling Claws  
  99  8:54  Zergling x4, Roach  
  99  8:55  Zergling x6, Roach x2  
  110  8:56  Zerg Melee Weapons Level 1, Zerg Missile Weapons Level 1  
  110  9:18  Overlord  
  110  9:19  Overlord x2  
  110  9:20  Overlord  
  110  9:22  Roach x2  
  113  9:36  Ravager  
  107  11:10  Overlord x4  
  107  11:11  Overlord x2  
  107  11:19  Overseer x2  
  90  11:39  Roach x13  
  111  11:40  Roach  
  103  12:17  Hatchery  
  100  12:28  Drone  
  100  12:29  Roach  
  109  12:30  Roach x4  
  109  12:33  Overseer x2  
  107  13:12  Roach x6  
  64  13:31  Roach  
  64  13:32  Roach x2  
  70  13:53  Roach x5  
  80  14:01  Overseer x2  
  80  14:23  Drone  
  80  14:24  Drone  
  56  14:38  Spore Crawler  
Show
View Real Time Build Order
Export as new Build Order

Fropez Protoss - Winner!

Build Orders: 1 Gate Expand, Double Forge, Blink Stalkers 

Get SALT Encoding   

  12  0:01  Probe (Chrono Boost)  
  13  0:11  Probe (Chrono Boost)  
  14  0:18  Pylon  
  14  0:22  Probe (Chrono Boost)  
  15  0:36  Probe (Chrono Boost)  
  15  0:37  Gateway  
  16  0:48  Probe (Chrono Boost)  
  17  1:03  Pylon  
  17  1:05  Probe (Chrono Boost)  
  18  1:11  Assimilator  
  18  1:16  Probe (Chrono Boost)  
  19  1:27  Probe (Chrono Boost)  
  19  1:31  Nexus  
  20  1:37  Probe (Chrono Boost)  
  21  1:55  Cybernetics Core  
  21  1:58  Gateway  
  21  2:01  Pylon  
  21  2:06  Probe (Chrono Boost)  
  22  2:12  Assimilator  
  22  2:16  Probe (Chrono Boost)  
  23  2:26  Pylon  
  23  2:27  Probe (Chrono Boost)  
  24  2:37  Probe (Chrono Boost)  
  24  2:40  Warp Gate  
  25  2:48  Twilight Council, Probe (Chrono Boost)  
  27  2:58  Probe (Chrono Boost), Assimilator  
  27  2:59  Adept  
  27  3:04  Assimilator  
  30  3:05  Probe (Chrono Boost)  
  30  3:09  Stalker  
  30  3:11  Probe (Chrono Boost)  
  33  3:18  Probe (Chrono Boost)  
  34  3:21  Probe (Chrono Boost)  
  35  3:27  Blink  
  35  3:35  Robotics Facility  
  35  3:51  Probe (Chrono Boost)  
  35  3:52  Probe (Chrono Boost)  
  37  4:06  Probe x2 (Chrono Boost)  
  37  4:07  Stalker  
  37  4:09  Stalker  
  44  4:18  Probe (Chrono Boost)  
  44  4:19  Probe (Chrono Boost)  
  44  4:21  Forge  
  45  4:24  Pylon  
  45  4:36  Probe (Chrono Boost)  
  45  4:37  Forge  
  46  4:40  Observer, Protoss Ground Weapons Level 1  
  47  4:50  Probe x2 (Chrono Boost)  
  48  5:01  Immortal  
  54  5:10  Mothership Core (Chrono Boost)  
  54  5:18  Pylon, Protoss Ground Armor Level 1  
  54  5:19  Probe (Chrono Boost)  
  55  5:28  Stalker  
  58  5:30  Probe (Chrono Boost), Stalker  
  58  5:31  Probe (Chrono Boost)  
  61  5:42  Probe (Chrono Boost)  
  63  5:43  Probe (Chrono Boost)  
  63  5:45  Gateway  
  63  5:47  Gateway  
  63  5:51  Stalker  
  63  5:53  Stalker  
  63  5:54  Probe (Chrono Boost)  
  63  5:56  Probe (Chrono Boost)  
  69  6:24  Pylon  
  69  6:26  Pylon  
  69  6:29  Pylon  
  69  6:30  Pylon  
  69  6:31  Pylon  
  69  6:33  Pylon  
  69  6:35  Pylon  
  69  6:48  Gateway  
  69  6:49  Stalker x4  
  69  6:52  Probe (Chrono Boost), Gateway  
  69  6:53  Probe (Chrono Boost), Protoss Ground Weapons Level 2  
  79  7:01  Protoss Shields Level 1  
  79  7:23  Dark Shrine  
  79  7:25  Gateway  
  79  7:28  Gateway  
  79  7:46  Stalker  
  79  7:47  Stalker x3  
  79  7:50  Immortal  
  91  7:56  Pylon  
  91  7:57  Probe x2 (Chrono Boost)  
  93  8:09  Probe (Chrono Boost)  
  93  8:10  Probe (Chrono Boost)  
  95  8:28  Warp Prism  
  97  8:43  Stalker x5  
  97  8:44  Stalker x3  
  113  9:12  Stalker x2  
  113  9:13  Stalker x6  
  129  9:19  Probe x2 (Chrono Boost)  
  129  9:22  Nexus, Observer  
  129  9:24  Pylon  
  132  9:31  Probe x2 (Chrono Boost)  
  132  9:51  Protoss Ground Weapons Level 3  
  132  9:53  Stalker x5  
  132  9:54  Protoss Ground Armor Level 2  
  142  10:05  Pylon  
  142  10:07  Pylon  
  142  10:09  Assimilator  
  142  10:12  Pylon  
  142  10:25  Probe x2 (Chrono Boost)  
  146  10:37  Probe x2 (Chrono Boost), Stalker x3  
  146  10:38  Stalker  
  154  10:47  Assimilator  
  154  10:49  Probe (Chrono Boost)  
  149  11:08  Dark Templar  
  149  11:09  Dark Templar x7  
  159  11:37  Archon x2  
  123  11:47  Stalker x2  
  123  11:48  Stalker x4  
  123  11:53  Nexus  
  127  11:56  Assimilator  
  127  11:58  Probe (Chrono Boost)  
  127  11:59  Probe x2 (Chrono Boost)  
  130  12:02  Assimilator  
  130  12:05  Pylon  
  130  12:08  Pylon  
  122  12:20  Stalker x5  
  132  12:29  Dark Templar  
  134  12:34  Dark Templar  
  132  12:46  Dark Templar x3  
  132  13:10  Dark Templar x2  
  120  13:33  Dark Templar x4  
  128  13:39  Probe x2 (Chrono Boost)  
  128  13:41  Probe x2 (Chrono Boost)  
  132  13:47  Stalker x3  
  132  13:48  Stalker  
  114  14:40  Archon  
  102  14:52  Stalker x5  
  106  14:53  Stalker x3  
Tags
 
Add a new tag
Caveats
  • Supply blocks, unpowered buildings, or Contaminate may cause inaccurate times.
  • Supply counts are checked every 10 seconds.